 Dungeon Sprint DCSS version 0.31-a0-700-gf13585253f (webtiles) character file.

Game seed: 1143819417001138065

29452 sircluck the Brawler (level 13, -18/235 HPs)
             Began as a Troll Berserker on Sept 7, 2023.
             Was a High Priest of Trog.
             Killed by an exploding ball lightning (44 damage)
             ... in the Dungeon (Sprint I: "Red Sonja").
             The game lasted 00:18:46 (2923 turns).

sircluck the Brawler (Troll Berserker)              Turns: 2923, Time: 00:18:47

Health: -18/235    AC: 12    Str: 35    XL:     13   Next: 15%
Magic:  0/17       EV: 13    Int:  3    God:    Trog [*****.]
Gold:   3190       SH:  0    Dex:  9    Spells: 12/12 levels left

rFire   . .          .
                       - Unarmed
rCold   . . .        (no shield)
rNeg    . . .        g - +5 moon troll leather armour {Spirit, Regen++ MP+5}
rPois   .            m - +1 hat
rElec   .            (no cloak)
rCorr   +            (gloves unavailable)
SInv    +            (boots unavailable)
Will    ++...        (no amulet) Stlth
                     b - ring of flight
HPRegen 3.99/turn    w - ring "Genose" {+Blink rCorr Str+3 SInv}
MPRegen 0.15/turn

%: no teleportation, guardian spirit
@: berserking, strong-willed, flying, regenerating, very quick
A: large, unfitting armour, claws 3, regeneration 1, shaggy fur 1, tough skin 1
a: Renounce Religion, Evoke Blink, Berserk, Trog's Hand, Brothers in Arms


You were in the Dungeon.
You worshipped Trog.
Trog was extremely pleased with you.
You visited 1 branch You collected 6207 gold pieces.
You spent 3017 gold pieces at shops.

Inventory:

Hand Weapons
 p - a +0 short sword
Missiles
 j - 4 curare-tipped darts
Armour
 a - a +0 animal skin
 g - the +5 moon troll leather armour (worn) {Spirit, Regen++ MP+5}
   (You bought it in a shop in the Dungeon)

   MP+5:      It affects your magic capacity (+5).
   Regen++:   It increases your rate of health regeneration.
 i - a +0 robe of cold resistance
 m - a +1 hat (worn)
 q - +0 gold dragon scales
Jewellery
 b - a ring of flight (left claw)
 u - a +6 ring of intelligence
 w - the ring "Genose" (right claw) {+Blink rCorr Str+3 SInv}
   (You bought it in a shop in the Dungeon)

   [ring of see invisible]

   Str+3:     It affects your strength (+3).
   SInv:      It lets you see invisible.
   +Blink:    It lets you blink.
   rCorr:     It protects you from acid and corrosion.
 C - the ring "Faxi" {rElec rC+ rN+ Dex-4}
   (You took it off a deep elf master archer in the Dungeon)

   [ring of positive energy]

   Dex-4:     It affects your dexterity (-4).
   rC+:       It protects you from cold.
   rElec:     It insulates you from electricity.
   rN+:       It protects you from negative energy.
Wands
 h - a wand of paralysis (9)
Scrolls
 k - 2 scrolls of fog {unknown}
 l - a scroll of immolation {unknown}
 n - a scroll of enchant armour {unknown}
 o - a scroll of poison {unknown}
 s - 4 scrolls of identify
Potions
 c - a potion of enlightenment {unknown}
 d - a potion of haste
 e - 3 potions of magic
 f - a potion of berserk rage
 r - 2 potions of might
 v - a potion of resistance
 x - 2 potions of heal wounds
 z - a potion of curing
Miscellaneous
 t - a phantom mirror
 y - a phial of floods
 A - a sack of spiders
 B - a lightning rod (4/4)


   Skills:
 + Level 17.5 Fighting
 + Level 13.6 Armour
 - Level 14.5 Dodging
 + Level 20.2 Unarmed Combat


You had 12 spell levels left.
You didn't know any spells.
Your spell library was empty.

Dungeon Overview and Level Annotations

Branches:
Dungeon (1/1)

Altars:
Cheibriados
Dithmenos
Elyvilon
Fedhas
Gozag
Hepliaklqana
Kikubaaqudgha
Makhleb
Nemelex Xobeh
Okawaru
Qazlal
Ru
Sif Muna
Trog
Uskayaw
Vehumet
Wu Jian
Xom
Yredelemnul
Zin
The Shining One
Jiyva
Lugonu

Shops:
D [[(*(*=!!:(![:!*=(([(!

Annotations:
D Lom Lobon, Tiamat


Innate Abilities, Weirdness & Mutations

You are too large for most types of armour.
You have claws for hands.
Your natural rate of healing is unusually fast.
You are covered in fur. (AC +1)
You have tough skin. (AC +1)


Message History

You are encased in ice.
You miss Lom Lobon.
Lom Lobon is lightly wounded.
You are engulfed in freezing vapours.
You closely miss Lom Lobon.
Lom Lobon is lightly wounded.
You are engulfed in freezing vapours.
You barely miss Lom Lobon.
Lom Lobon is lightly wounded.
You are engulfed in freezing vapours.
Lom Lobon hits you!!
You closely miss Lom Lobon. Your claw misses Lom Lobon.
Lom Lobon is lightly wounded.
You are engulfed in freezing vapours.
You mangle Lom Lobon!!
Lom Lobon is lightly wounded.
You are engulfed in freezing vapours.
Lom Lobon gestures. 3 ball lightnings come into view.
You mangle Lom Lobon!!
Lom Lobon is moderately wounded.
You are engulfed in freezing vapours.
The ball lightning explodes!
The blast of lightning engulfs Lom Lobon.
Lom Lobon completely resists.
The blast of lightning engulfs you!!!
* * * LOW HITPOINT WARNING * * *
The blast of lightning engulfs the ball lightning.
The ball lightning completely resists.
The blast of lightning engulfs the ball lightning.
The ball lightning completely resists.
You closely miss Lom Lobon. You claw Lom Lobon!
Lom Lobon is moderately wounded.
You are engulfed in freezing vapours.
* * * LOW HITPOINT WARNING * * *
The ice encasing you melts away. Lom Lobon hits you!!
* * * LOW HITPOINT WARNING * * *
The ball lightning explodes!
The blast of lightning engulfs Lom Lobon.
Lom Lobon completely resists.
The blast of lightning engulfs you!!!
You die...

..#...###..###.#).≈###'##...#....
○.+.....##.#A#.#))≈.)#§####'#....
○○#.....#..###.#..≈.##§#§...##..○
°.###''##.##...#..≈##§...§§..##.○
°###..###).#+###..≈#...§§§....#.°
.####..###...#.≈..##...§......##.
'#..#.○#.###.#.≈.§#.§..§§.§....#.
)#...○°....#.###§§#............#.
##..°..○...#.#*&@§##..........##.
.'...○..####'#§##§##..........#..
###...###)...#.#~~§##........##..
%)#####...####&#~~~§##..)[..##..°
....).).### ^§#~~~~§########..○°
....##### §####~~~~#~~~~~#....°
...## *○#..#'~~~'~~.~~+°.... ..##
&° #..)##~)#~~~~~#~~~○. ..# °..
#....######'#####○○~


You could see Lom Lobon (gusty) and a ball lightning.

Vanquished Creatures
  the Lernaean hydra (D)
  A deep elf master archer (D)
  A lorocyproca (D)
  A deep elf annihilator (D)
  A mummy priest (D)
  2 centaur warriors (D)
  A hydra (D)
  A demonic crawler (D)
  Sonja (D)
  A deep troll (D)
  A lindwurm (D)
  A merfolk siren (D)
  2 oklob plants (D)
  2 shining eyes (D)
  2 gargoyles (D)
  5 unseen horrors (D)
  2 kobold demonologists (D)
  A hellwing (D)
  5 hornets (D)
  A slime creature (D)
  Sigmund (D)
  A yak (D)
  13 hogs (D)
  2 redbacks (D)
  5 floating eyes (D)
  An ogre (D)
  A necrophage (D)
  8 jellies (D)
  Ijyb (D)
66 creatures vanquished.

Vanquished Creatures (collateral kills)
  A golden dragon (D)
  A shadow dragon (D)
  4 fire giants (D)
  3 demonic crawlers (D)
  6 shining eyes (D)
  A merfolk siren (D)
  2 unseen horrors (D)
  2 floating eyes (D)
  6 necrophages (D)
26 creatures vanquished.

Vanquished Creatures (others)
  3 ball lightnings (D)
  2 ballistomycete spores (D)
5 creatures vanquished.

Grand Total: 97 creatures vanquished

Notes
Turn   | Place    | Note
-------+----------+-------------------------------------------
     0 | D        | sircluck the Troll Berserker began the quest for the Orb.
     0 | D        | Reached XP level 1. HP: 22/22 MP: 0/0
     1 | D        | Noticed Ijyb
     6 | D        | Killed Ijyb
     7 | D        | Reached skill level 4 in Unarmed Combat
     7 | D        | Reached XP level 2. HP: 29/31 MP: 1/1
   110 | D        | Noticed an ogre
   117 | D        | Killed an ogre
   118 | D        | Reached skill level 5 in Fighting
   118 | D        | Reached skill level 5 in Dodging
   118 | D        | Reached skill level 6 in Unarmed Combat
   118 | D        | Reached XP level 3. HP: 31/42 MP: 2/2
   118 | D        | Reached XP level 4. HP: 37/50 MP: 3/3
   131 | D        | Noticed Sigmund
   136 | D        | Killed Sigmund
   136 | D        | Reached ** piety under Trog
   137 | D        | Reached skill level 7 in Unarmed Combat
   137 | D        | Reached XP level 5. HP: 38/61 MP: 4/4
   137 | D        | Reached XP level 6. HP: 43/68 MP: 5/5
   173 | D        | Found a burning altar of Makhleb.
   173 | D        | Found a viscous altar of Jiyva.
   173 | D        | Found a shimmering altar of Xom.
   173 | D        | Found a corrupted altar of Lugonu.
   173 | D        | Noticed a slime creature
   180 | D        | Killed a slime creature
   181 | D        | Reached skill level 8 in Unarmed Combat
   200 | D        | Found an ornate altar of the Wu Jian Council.
   200 | D        | Found a shimmering blue altar of Sif Muna.
   202 | D        | Found a radiant altar of Vehumet.
   205 | D        | Reached skill level 9 in Unarmed Combat
   234 | D        | Found Kaighoa's General Store.
   234 | D        | Found an ancient bone altar of Kikubaaqudgha.
   234 | D        | Found a hazy altar of Hepliaklqana.
   234 | D        | Found a hide-covered altar of Uskayaw.
   234 | D        | Found a basalt altar of Yredelemnul.
   234 | D        | Found an opulent altar of Gozag.
   234 | D        | Found a snail-covered altar of Cheibriados.
   234 | D        | Found a sacrificial altar of Ru.
   234 | D        | Found a shadowy altar of Dithmenos.
   234 | D        | Noticed a yak
   240 | D        | Killed a yak
   240 | D        | Reached *** piety under Trog
   241 | D        | Reached XP level 7. HP: 56/80 MP: 6/6
   241 | D        | Found a stormy altar of Qazlal.
   241 | D        | Found a blossoming altar of Fedhas.
   241 | D        | Found a bloodstained altar of Trog.
   241 | D        | Found an iron altar of Okawaru.
   241 | D        | Found a glowing golden altar of the Shining One.
   241 | D        | Found a glowing silver altar of Zin.
   241 | D        | Found a white marble altar of Elyvilon.
   242 | D        | Found a sparkling altar of Nemelex Xobeh.
   268 | D        | Noticed a kobold demonologist
   268 | D        | Noticed a kobold demonologist
   270 | D        | Paralysed by a floating eye for 4 turns
   276 | D        | Reached skill level 10 in Unarmed Combat
   277 | D        | Noticed a ynoxinul
   284 | D        | Killed a kobold demonologist
   288 | D        | Killed a kobold demonologist
   288 | D        | Reached **** piety under Trog
   289 | D        | Reached skill level 11 in Unarmed Combat
   289 | D        | Reached XP level 8. HP: 25/92 MP: 7/7
   347 | D        | Noticed Sonja
   353 | D        | Killed Sonja
   354 | D        | Reached skill level 10 in Fighting
   354 | D        | Reached skill level 10 in Dodging
   369 | D        | Noticed a deep troll
   376 | D        | Killed a deep troll
   377 | D        | Reached skill level 12 in Unarmed Combat
   377 | D        | Reached XP level 9. HP: 48/102 MP: 8/8
   386 | D        | Found Licvat's Armour Emporium.
   464 | D        | Found Kemeocei's Antique Armour Boutique.
   472 | D        | Bought a runed hat for 147 gold pieces
   495 | D        | Noticed a centaur warrior
   495 | D        | Noticed a centaur warrior
   503 | D        | Killed a centaur warrior
   504 | D        | Reached skill level 13 in Unarmed Combat
   505 | D        | Killed a centaur warrior
   505 | D        | Reached ***** piety under Trog
   622 | D        | Noticed an oklob plant
   628 | D        | Killed an oklob plant
   629 | D        | Reached XP level 10. HP: 84/115 MP: 9/9
   659 | D        | Reached skill level 14 in Unarmed Combat
   695 | D        | Received a gift from Trog
   727 | D        | Received a gift from Trog
   761 | D        | Identified the +7 crystal plate armour "Nyas" {Harm Will+}
   769 | D        | Found Qamenef's Distillery.
   769 | D        | Found Wiechene's Jewellery Shop.
   769 | D        | Found Zigijosu's Distillery.
   771 | D        | Found Raukomos's Book Emporium.
   771 | D        | Found Xamyhees's Weapon Shop.
   771 | D        | Found Zoxyres's Distillery.
   771 | D        | Found Yfro's Armour Boutique.
   771 | D        | Found Pawuq's Book Emporium.
   771 | D        | Found Wonioph's Distillery.
   771 | D        | Found Doqonwac's General Store.
   775 | D        | Found Tepuegg's Jewellery Boutique.
   776 | D        | Found Besany Nunwa's Weapon Emporium.
   776 | D        | Found Otenew's Weapon Boutique.
   777 | D        | Found Qiluegod's Antique Weapon Emporium.
   828 | D        | Noticed a shining eye
   828 | D        | Noticed a shining eye
   828 | D        | Noticed a shining eye
   847 | D        | Paralysed by a floating eye for 2 turns
   849 | D        | Killed a shining eye
   850 | D        | Reached skill level 15 in Unarmed Combat
   850 | D        | Noticed a shining eye
   851 | D        | Paralysed by a floating eye for 3 turns
   856 | D        | Killed a shining eye
   857 | D        | Paralysed by a floating eye for 4 turns
   860 | D        | Noticed a shining eye
   861 | D        | Killed a shining eye
   865 | D        | Killed a shining eye
   865 | D        | Identified the +3 giant spiked club of Law {flame, Str+4}
                  | (Trog gifted it to you in the Dungeon)
   865 | D        | Received a gift from Trog
   865 | D        | Paralysed by a floating eye for 4 turns
   868 | D        | Killed a shining eye
   869 | D        | Reached XP level 11. HP: 127/127 MP: 10/10
   873 | D        | Noticed a shining eye
   881 | D        | Killed a shining eye
   882 | D        | Noticed a shining eye
   882 | D        | Noticed a shining eye
   886 | D        | Paralysed by a floating eye for 3 turns
   895 | D        | Killed a shining eye
   896 | D        | Reached skill level 16 in Unarmed Combat
   902 | D        | Killed a shining eye
   902 | D        | Reached ****** piety under Trog
   907 | D        | Found Nuatt's Armour Shoppe.
   907 | D        | Found Hucy's General Store.
   907 | D        | Found Daawn's Weapon Emporium.
   908 | D        | Found Aneuj's Antique Weapon Shop.
   922 | D        | Bought the +5 moon troll leather armour {Spirit, Regen++
                  | MP+5} for 714 gold pieces
   922 | D        | Found the +5 moon troll leather armour {Spirit, Regen++
                  | MP+5}
  1031 | D        | Noticed a demonic crawler
  1031 | D        | Noticed a demonic crawler
  1031 | D        | Noticed a demonic crawler
  1031 | D        | Noticed a demonic crawler
  1033 | D        | Killed a demonic crawler
  1034 | D        | Reached skill level 1 in Armour
  1036 | D        | Killed a demonic crawler
  1038 | D        | Killed a demonic crawler
  1040 | D        | Killed a demonic crawler
  1061 | D        | Noticed a lindwurm
  1068 | D        | Killed a lindwurm
  1109 | D        | Killed a lorocyproca
  1110 | D        | Reached skill level 17 in Unarmed Combat
  1313 | D        | Bought a manual of Armour for 1120 gold pieces
  1386 | D        | Identified the +7 giant spiked club of Woe {heavy, rN+}
                  | (Trog gifted it to you in the Dungeon)
  1386 | D        | Received a gift from Trog
  1389 | D        | Reached skill level 5 in Armour
  1402 | D        | Received a gift from Trog
  1407 | D        | Reached skill level 15 in Fighting
  1421 | D        | Noticed a 12-headed hydra
  1422 | D        | Paralysed by a floating eye for 2 turns
  1428 | D        | Killed a 16-headed hydra
  1429 | D        | Received a gift from Trog
  1514 | D        | Noticed a shadow dragon
  1514 | D        | Noticed a golden dragon
  1520 | D        | Killed a shadow dragon
  1521 | D        | Reached XP level 12. HP: 103/143 MP: 5/11
  1525 | D        | Killed a golden dragon
  1526 | D        | Reached skill level 18 in Unarmed Combat
  1655 | D        | Found Sudiaj's Distillery.
  1675 | D        | Bought a potion of resistance for 110 gold pieces
  1710 | D        | Noticed a deep elf annihilator
  1724 | D        | Reached skill level 10 in Armour
  1743 | D        | HP: 5/144 [deep elf annihilator/crystal spear (41)]
  1746 | D        | Received a gift from Trog
  1817 | D        | Bought a ring of flight for 192 gold pieces
  1817 | D        | Bought the ring "Genose" {+Blink rCorr Str+3 SInv} for 449
                  | gold pieces
  2008 | D        | Killed a deep elf annihilator
  2032 | D        | Noticed a mummy priest
  2107 | D        | Bought a potion of heal wounds for 50 gold pieces
  2158 | D        | Bought a potion of heal wounds for 55 gold pieces
  2159 | D        | Bought a potion of heal wounds for 55 gold pieces
  2162 | D        | Bought a potion of heal wounds for 70 gold pieces
  2202 | D        | Bought a potion of heal wounds for 55 gold pieces
  2296 | D        | Killed a mummy priest
  2357 | D        | Noticed a daeva
  2367 | D        | Reached skill level 19 in Unarmed Combat
  2371 | D        | Received a gift from Trog
  2411 | D        | Identified the quicksilver dragon scales of Minor
                  | Irritation {rElec Will+ Int+4}
  2450 | D        | Noticed a fire giant
  2454 | D        | Noticed a fire giant
  2455 | D        | Noticed a fire giant
  2455 | D        | Noticed a fire giant
  2457 | D        | Killed a fire giant
  2459 | D        | Killed a fire giant
  2461 | D        | Killed a fire giant
  2464 | D        | Killed a fire giant
  2464 | D        | Received a gift from Trog
  2487 | D        | Found the +4 dragonskin cloak
  2487 | D        | Noticed Tiamat
  2562 | D        | Noticed the 27-headed Lernaean hydra
  2571 | D        | HP: 8/222 [the 26-headed Lernaean hydra (5)]
  2573 | D        | Killed the 26-headed Lernaean hydra
  2574 | D        | Reached skill level 20 in Unarmed Combat
  2574 | D        | Reached XP level 13. HP: 9/156 MP: 0/12
  2670 | D        | Identified the +5 war axe "Janwuakh" {flame, Dex+2}
  2816 | D        | Identified the +3 spear of Precise Incision {freeze, rPois
                  | Will+ Int+5}
  2818 | D        | Identified the +3 dagger "Lissis" {heavy, Dex+3}
  2844 | D        | Identified the ring "Faxi" {rElec rC+ rN+ Dex-4}
  2844 | D        | Noticed a deep elf master archer
  2858 | D        | Killed a deep elf master archer
  2898 | D        | Noticed Lom Lobon
  2923 | D        | Killed by an exploding ball lightning

Illustrated notes

Levels and vault maps discovered:
D:        dungeon_sprint_1 [red_sonja_temple_1, red_sonja_temple_small_1]

Skill      XL: |  1  2  3  4  5  6  7  8  9 10 11 12 |
---------------+-------------------------------------+-----
Fighting       | 3 5 6 8 9 10 11 13 15 17 | 17.5
Dodging        | 3 5 6 8 9 10 11 13 14 | 14.5
Unarmed Combat | 4 6 7 9 11 12 13 15 17 20 | 20.2
Armour         | 8 13 | 13.6

Action                     |  1- 3 |  4- 6 |  7- 9 | 10-12 | 13-15 || total
---------------------------+-------+-------+-------+-------+-------++-------
  Melee: Unarmed           |     9 |    16 |    41 |   158 |    16 ||   240
         Punch             |       |       |     2 |    19 |     2 ||    23
 Invoke: Berserk           |       |       |     1 |     4 |     1 ||     6
         Brothers in Arms  |       |       |       |     8 |     3 ||    11
         Trog's Hand       |       |       |       |     2 |     1 ||     3
  Evoke: Wand              |     1 |     1 |     2 |       |       ||     4
         Phantom mirror    |       |       |       |     1 |       ||     1
    Use: Potion            |       |       |       |     7 |       ||     7
         Scroll            |       |       |       |     2 |       ||     2
   Stab: Paralysed         |       |       |     2 |       |       ||     2
 Armour: Animal skin       |     3 |     2 |       |       |       ||     5
         Robe              |       |     8 |    64 |    19 |       ||    91
         Troll leather arm |       |       |       |   266 |    23 ||   289
  Dodge: Dodged            |     2 |     1 |    28 |   100 |     3 ||   134

Table legend: (Time is in decaauts)
 A = Elapsed time spent in this place.
 B = Non-inter-level travel time spent in this place.
 C = Inter-level travel time spent in this place.
 D = Time resting spent in this place.
 E = Time spent auto-exploring this place.
 F = Levels seen in this place.
 G = Mean time per level.
                   A        B        C        D        E       F      G
               +--------+--------+--------+--------+--------+-----+--------+
         Total |   2915 |   2406 |    509 |    573 |    237 |   1 | 2915.0 |
       Dungeon |   2915 |   2406 |    509 |    573 |    237 |   1 | 2915.0 |
               +--------+--------+--------+--------+--------+-----+--------+

Top non-repeatable levels by time:
       D: 2915 daAuts
